 Dungeon Crawl Stone Soup version 0.28-a0-1435-g82390b3a13 (webtiles) character file.

Game seed: 11707509639498602783

10 hashsling the Covered (level 2, 19/19 HPs)
             Began as a Gargoyle Fighter on Jan 9, 2022.
             Was a Follower of Vehumet.
             Quit the game on level 1 of the Dungeon.
             The game lasted 00:03:39 (508 turns).

hashsling the Covered (Gargoyle Fighter)             Turns: 508, Time: 00:03:39

Health: 19/19      AC:  9    Str: 19    XL:     2   Next: 20%
Magic:  2/2        EV:  9    Int:  8    God:    Vehumet [*.....]
Gold:   33         SH:  4    Dex:  9    Spells: 1/1 levels left

rFire   . . .      SeeInvis .   a - +0 flail
rCold   . . .      Faith    .   c - +0 buckler
rNeg    + . .      Spirit   .   e - +0 scale mail
rPois   ∞          Reflect  .   (no helmet)
rElec   +          Harm     .   (no cloak)
rCorr   .          Rampage  .   (no gloves)
Will    .....                   (no boots)
Stlth   ..........              (no amulet)
HPRegen 0.06/turn               (no ring)
MPRegen 0.08/turn               (no ring)

@: no status effects
A: sickness immunity, AC +2, negative energy resistance 1, electricity
resistance, torment resistance 1, petrification resistance
a: Renounce Religion


You were on level 1 of the Dungeon.
You worshipped Vehumet.
Vehumet was aware of your devotion.
You visited 1 branch of the dungeon, and saw 1 of its levels.

You collected 33 gold pieces.

Inventory:

Hand Weapons
 a - a +0 flail (weapon)
 b - a +0 shortbow
Armour
 c - a +0 buckler (worn)
 e - a +0 scale mail (worn)
Jewellery
 g - a ring of ice
Scrolls
 f - a scroll of magic mapping {unknown}
Potions
 d - a potion of might
 h - a potion of curing


   Skills:
 * Level 3.4 Fighting
 * Level 2.2 Maces & Flails
 * Level 3.5 Armour
 * Level 3.4 Shields


You had one spell level left.
You didn't know any spells.
Your spell library was empty.

Dungeon Overview and Level Annotations

Branches:
Dungeon (1/15)

Altars:
Vehumet


Innate Abilities, Weirdness & Mutations

You are immune to sickness and miasma.
Your stone body is resilient. (AC +2)
You are immune to poison.
You resist negative energy. (rN+)
You are resistant to electric shocks. (rElec)
You are resistant to unholy torment.
You are immune to petrification.


Message History

The ball python constricts you.
The ball python bites you but does no damage.
The ball python constricts you.
You closely miss the ball python. The ball python closely misses you.
The ball python constricts you.
The ball python bites you but does no damage.
The ball python constricts you.
You closely miss the ball python. The ball python barely misses you.
The ball python constricts you.
You sock the ball python!
You kill the ball python!
No target in view!
Found 22 stones.
No target in view!
You see here 22 stones.
Found a faded altar of an unknown god.
Found 12 gold pieces and a potion of curing.
Found 4 large rocks.
You now have 33 gold pieces (gained 12).
Found a leather armour.
h - a potion of curing A goblin comes into view.
It is wielding a +0 dagger.
The goblin shouts!
You see here 4 large rocks.
You closely miss the goblin. The goblin hits you but does no damage.
You barely miss the goblin. The goblin barely misses you.
You closely miss the goblin. The goblin barely misses you.
You hit the goblin but do no damage.
The goblin hits you but does no damage. x2
You barely miss the goblin. The goblin hits you but does no damage.
You thump the goblin!
You kill the goblin!
Things that are here:
a +0 dagger; a goblin corpse
There is a faded altar of an unknown god here.
You cannot tell which god this altar belongs to.
Convert to them anyway?
Vehumet accepts your prayer! Vehumet welcomes you!
You can now gain magical power from killing.
Vehumet offers you knowledge of Shock.
Are you sure you want to abandon this character and quit the game? (Confirm with "yes".)

... #.# ... #.#
... #.# #.. #.#
#.# #.##
####..###..#####
#..............#
....#......#.#
#.. #@.....#.##
#...#......#..#
...............#
...............#
.....#..#...#..#
.....#..#.(.#..#
.###.#..#.).# #
............#
.......[....#


There were no monsters in sight!

Vanquished Creatures
  An endoplasm (D:1)
  3 kobolds (D:1)
  A ball python (D:1)
  A bat (D:1)
  A frilled lizard (D:1)
  3 goblins (D:1)
  A rat (D:1)
11 creatures vanquished.

Notes
Turn   | Place    | Note
-------+----------+-------------------------------------------
     0 | D:1      | hashsling the Gargoyle Fighter began the quest for the Orb.
     0 | D:1      | Reached XP level 1. HP: 14/14 MP: 1/1
   289 | D:1      | Reached XP level 2. HP: 18/19 MP: 2/2
   480 | D:1      | Found a faded altar of an unknown god.
   507 | D:1      | Prayed at the altar of an unknown god.
   507 | D:1      | Became a worshipper of Vehumet
   507 | D:1      | Reached * piety under Vehumet
   507 | D:1      | Offered knowledge of Shock by Vehumet.
   508 | D:1      | Quit the game

Illustrated notes

Levels and vault maps discovered:
D:1:      heliophobic_arrival_henge, layout_basic,
          hellmonk_ecumenical_altar_lost_god

Action                   || total
-------------------------++-------
Melee: Flail             ||    39
  Use: Potion            ||     1
Armor: Scale mail        ||    20
Dodge: Dodged            ||    30
Block: Buckler           ||     7

Table legend: (Time is in decaauts)
 A = Elapsed time spent in this place.
 B = Non-inter-level travel time spent in this place.
 C = Inter-level travel time spent in this place.
 D = Time resting spent in this place.
 E = Time spent auto-exploring this place.
 F = Levels seen in this place.
 G = Mean time per level.
                   A        B        C        D        E       F      G
               +--------+--------+--------+--------+--------+-----+--------+
         Total |    520 |    520 |      0 |      0 |    384 |   1 |  520.0 |
       Dungeon |    520 |    520 |      0 |      0 |    384 |   1 |  520.0 |
               +--------+--------+--------+--------+--------+-----+--------+

Top non-repeatable levels by time:
     D:1: 520 daAuts
